 Dungeon Crawl Stone Soup version 0.21-a0-536-gdbbf329 (webtiles) character file.

25 Gerstahl the Stinger (level 3, 0/28 HPs)
             Began as a Naga Venom Mage on Dec 14, 2017.
             Slain by Terence
             ... wielding a +0 flail of crushing
              (3 damage)
             ... on level 2 of the Dungeon.
             The game lasted 00:03:07 (864 turns).

Gerstahl the Stinger (Naga Venom Mage)               Turns: 864, Time: 00:03:08

Health: 0/28       AC:  3    Str: 10    XL:     3   Next: 4%
Magic:  0/6        EV: 10    Int: 16    God:
Gold:   62         SH:  0    Dex: 11    Spells: 5/6 levels left

rFire    . . .     SeeInvis +   (no weapon)
rCold    + . .     Gourm    .   (no shield)
rNeg     . . .     Faith    .   a - +0 robe
rPois    +         Spirit   .   (no helmet)
rElec    .         Reflect  .   (no cloak)
rCorr    .         Harm     .   i - +0 pair of gloves
MR       .....                  (no barding)
Stlth    ++........             (no amulet)
HPRegen  0.09/turn              k - ring of protection from cold
MPRegen  0.10/turn              (no ring)

@: very slow
A: large, see invisible, deformed body, poison resistance, slowness 2, slow
metabolism 1, spit poison 1, AC +1
a: Spit Poison


You were on level 2 of the Dungeon.
You were hungry.

You visited 1 branch of the dungeon, and saw 2 of its levels.

You collected 62 gold pieces.

Inventory:

Armour
 a - a +0 robe (worn)
 i - a +0 pair of gloves (worn)
Jewellery
 k - a ring of protection from cold (left hand)
Scrolls
 d - a scroll of teleportation {unknown}
 f - 3 scrolls of remove curse {unknown}
 l - a scroll of magic mapping {unknown}
Potions
 e - 2 potions of curing {unknown}
 h - 2 potions of agility {unknown}
 j - a potion of resistance {unknown}
Books
 b - a Young Poisoner's Handbook

   Spells                             Type                      Level
   a - Sting                          Conjuration/Poison           1
   b - Poisonous Vapours              Poison/Air                   2
   c - Mephitic Cloud                 Conjuration/Poison/Air       3
   d - Olgreb's Toxic Radiance        Poison                       4
   e - Venom Bolt                     Conjuration/Poison           5
Comestibles
 c - 2 bread rations
 g - 2 meat rations


   Skills:
 - Level 1.5 Dodging
 - Level 3.0 Stealth
 + Level 0.7 Unarmed Combat
 + Level 2.2 Spellcasting
 - Level 1.0 Conjurations
 + Level 5.0 Poison Magic


You had 5 spell levels left.
You knew the following spells:

 Your Spells              Type           Power        Failure   Level  Hunger
a - Sting                 Conj/Pois      ##..         6%          1    #......


Dungeon Overview and Level Annotations

Branches:
Dungeon (2/15)

Altars:

Annotations:
D:2 Terence


Innate Abilities, Weirdness & Mutations

You cannot wear boots.
Your serpentine skin is tough. (AC +1)
You have supernaturally acute eyesight. (SInv)
Armour fits poorly on your strangely shaped body.
Your system is resistant to poisons. (rPois)
You cover ground very slowly.
You have a slow metabolism.
You can spit poison.


Message History

The sting hits Terence.
Terence appears unharmed.
Terence is moderately wounded.
Terence hits you with a flail of crushing!
Casting: Sting
Confirm with . or Enter, or press ? or * to list all spells.
Aiming: Sting
Press: ? - help, Shift-Dir - straight line, f/p - Terence
Aim: Terence, wielding a flail of crushing and wearing a chain mail (moderately wounded, poisoned)
The sting misses Terence.
The rat bites you but does no damage.
Terence hits you with a flail of crushing.
Press: ? - help, Shift-Dir - straight line, f/p - Terence
Aim: Terence, wielding a flail of crushing and wearing a chain mail (moderately wounded, poisoned)
The splash of poison misses Terence.
You feel slightly more hungry. The rat bites you.
Terence hits you with a flail of crushing!
* * * LOW HITPOINT WARNING * * *
x2 The rat barely misses you.
You have got your breath back.
Terence hits you with a flail of crushing.
You die...

........##.######..##.#
....(.............###.#
###.##.##.######..##.#
#...##.. ##....####
#..#..##.# ##.......
#.(###..##.# ##..###. #..#
#...##.. ##..##.
#..#####.#..######.##..#.
.........@#...............
########r@#.#.#..########.
#..#.#...## #. #....# #.#
#. ...#### †# #. ...... #
#. ....[... ## ######..
#..r


You could see Terence and a rat.

Vanquished Creatures
  A dart slug (D:2)
  2 giant cockroaches
  3 goblins
  5 hobgoblins (D:1)
  4 kobolds (D:1)
  3 bats (D:1)
  A frilled lizard (D:1)
  3 rats
22 creatures vanquished.

Notes
Turn   | Place    | Note
-------+----------+-------------------------------------------
     0 | D:1      | Gerstahl the Naga Venom Mage began the quest for the Orb.
     0 | D:1      | Reached XP level 1. HP: 15/15 MP: 3/3
   240 | D:1      | Reached XP level 2. HP: 16/22 MP: 0/5
   852 | D:2      | Reached skill level 5 in Poison Magic
   852 | D:2      | Reached XP level 3. HP: 28/28 MP: 3/6
   856 | D:2      | Noticed Terence
   864 | D:2      | Slain by Terence

Vault maps used:
D:1:      dpeg_arrival_rooms_c, serial_forest, infiniplex_forest_clump_diagonal,
          infiniplex_forest_corner_2, infiniplex_forest_lined_3,
          infiniplex_forest_join, infiniplex_forest_clump_tiny,
          infiniplex_forest_clump_diagonal, minmay_split_cup_small
D:2:      first_bread, minmay_parallelograms, uniq_terence

Skill      XL: |  1  2 |
---------------+-------+-----
Poison Magic   | 5 |  5.0
Dodging        | |  1.5
Stealth        | |  3.0
Unarmed Combat | |  0.7
Spellcasting   | |  2.2
Conjurations   | |  1.0

Action                   || total
-------------------------++-------
Melee: Unarmed           ||     9
 Cast: Sting             ||    36
 Abil: Spit Poison       ||    15
Armor: Robe              ||     4
Dodge: Dodged            ||    11

Table legend:
 A = Spawn XP
 B = Non-spawn XP
 C = Spawn XP percentage of total XP
 D = Spawn monster count
 E = Non-spawn monster count
 F = Spawn count percentage of total count
 G = Total turns spent on level
                    A         B        C        D         E        F      G
               +---------+---------+-------+---------+---------+-------+---------
         Total |       0 |      36 |   0.0 |       0 |      22 |   0.0 |   864
               +---------+---------+-------+---------+---------+-------+---------
           D:1 |       0 |      27 |   0.0 |       0 |      18 |   0.0 |   729
           D:2 |       0 |       9 |   0.0 |       0 |       4 |   0.0 |   135
               +---------+---------+-------+---------+---------+-------+---------
